 Dungeon Crawl Stone Soup version 0.21-a0-518-g43a1781 (webtiles) character file.

267 esteth the Skirmisher (level 6, 0/61 HPs)
             Began as a Hill Orc Monk on Dec 4, 2017.
             Slain by a killer bee (2 damage)
             ... on level 4 of the Dungeon.
             The game lasted 00:09:36 (3504 turns).

esteth the Skirmisher (Hill Orc Monk)               Turns: 3504, Time: 00:09:36

Health: 0/61       AC:  5    Str: 14    XL:     6   Next: 21%
Magic:  6/6        EV: 13    Int: 15    God:
Gold:   128        SH:  0    Dex: 14    Spells: 5/5 levels left

rFire    . . .     SeeInvis .   a - +0 falchion
rCold    . . .     Gourm    .   (no shield)
rNeg     . . .     Faith    .   i - +0 troll leather armour {Purgy}
rPois    .         Spirit   .   h - +0 helmet
rElec    .         Reflect  .   (no cloak)
rCorr    .         Harm     .   (no gloves)
MR       .....                  (no boots)
Stlth    ++........             (no amulet)
HPRegen  0.60/turn              o - +4 ring of intelligence
MPRegen  0.10/turn              (no ring)

@: lethally poisoned (0 -> -8)
A: high mp 1, robust 1
a: no special abilities


You were on level 4 of the Dungeon.
You were not hungry.

You visited 1 branch of the dungeon, and saw 4 of its levels.
You also visited: Sewer.

You collected 128 gold pieces.

Inventory:

Hand Weapons
 a - a +0 falchion (weapon)
Armour
 b - a +0 robe
 e - a +0 ring mail
 h - a +0 helmet (worn)
 i - a +0 troll leather armour (worn) {Purgy}
Jewellery
 o - a +4 ring of intelligence (left hand)
Scrolls
 d - 4 scrolls of remove curse
 f - 2 scrolls of teleportation
 g - 2 scrolls of amnesia
 j - 2 scrolls of identify
Potions
 l - a potion of brilliance {unknown}
 m - a potion of invisibility
Comestibles
 c - 4 bread rations
 k - 2 royal jellies
 n - 3 meat rations
 q - 3 chunks of flesh


   Skills:
 + Level 5.2 Fighting
 + Level 4.7 Long Blades
 + Level 1.7 Armour
 - Level 3.2 Dodging
 - Level 2.7 Stealth


You had 5 spell levels left.
You didn't know any spells.

Dungeon Overview and Level Annotations

Branches:
Dungeon (4/15)
 Temple: D:4-7

Altars:
Dithmenos
Gozag
Qazlal
Xom
Zin


Innate Abilities, Weirdness & Mutations

You have an increased reservoir of magic. (+10% MP)
You are robust. (+10% HP)


Message History

* * * LOW HITPOINT WARNING * * *
The killer bee closely misses you.
You riposte.
You closely miss the killer bee.
The killer bee is severely wounded.
You closely miss the killer bee.
The killer bee is severely wounded.
You feel sick. The killer bee stings you.
* * * LOW HITPOINT WARNING * * *
The killer bee barely misses you.
You miss the killer bee.
The killer bee is severely wounded.
You feel sick. The killer bee misses you. The killer bee stings you!
* * * LOW HITPOINT WARNING * * *
You are lethally poisoned!
The killer bee poisons you!
You closely miss the killer bee.
The killer bee is severely wounded.
* * * LOW HITPOINT WARNING * * *
You feel sick. The killer bee stings you.
You die...

......# #.# .. #.#.#.###.## #.
##### # ......#....#
####..#...##.# #.##.y..y..#
..(....#...... #....#.....#.#
#......# ####.##....#.# #...>.#
#<########.# #...#.#
##.#.......#########.#
#....#######..@yy....# #..####.#
#######...# #..# #.# ####..#
#..# #.# ##.....# #..# #.#
####...#..#
#..####.####......#..# .
###....##..............#####....
.....#.#####.................#
###.##..................####.#


You could see 2 killer bees.

Vanquished Creatures
  Purgy (Sewer)
  A killer bee (D:4)
  An iguana (D:4)
  A river rat (D:3)
  2 adders
  6 worms
  A leopard gecko (D:4)
  An orc (D:3)
  5 bats
  4 giant cockroaches
  7 goblins
  7 hobgoblins
  A quokka (D:2)
  2 ball pythons (D:3)
  4 frilled lizards
  11 kobolds
  4 rats (D:3)
59 creatures vanquished.

Notes
Turn   | Place    | Note
-------+----------+-------------------------------------------
     0 | D:1      | esteth the Hill Orc Monk began the quest for the Orb.
     0 | D:1      | Reached XP level 1. HP: 19/19 MP: 1/1
    60 | D:1      | Found a shimmering altar of Xom.
   151 | D:1      | Reached XP level 2. HP: 27/27 MP: 2/2
   995 | D:2      | Reached skill level 4 in Fighting
  1316 | D:2      | Reached XP level 3. HP: 33/33 MP: 3/3
  1846 | D:2      | Found a shadowy altar of Dithmenos.
  2025 | D:3      | Reached XP level 4. HP: 19/40 MP: 4/4
  2107 | D:3      | Found a glowing drain.
  2116 | Sewer    | Entered a sewer
  2261 | Sewer    | Noticed Purgy
  2281 | Sewer    | Gained mutation: You have an increased reservoir of magic. (+10% MP) [potion of mutation]
  2281 | Sewer    | Gained mutation: You are robust. (+10% HP) [potion of mutation]
  2297 | Sewer    | Killed Purgy
  2297 | Sewer    | Reached XP level 5. HP: 42/51 MP: 5/5
  2684 | D:3      | Found an opulent altar of Gozag.
  2684 | D:3      | Found a glowing silver altar of Zin.
  2888 | D:3      | Found a stormy altar of Qazlal.
  3191 | D:4      | Reached skill level 5 in Fighting
  3191 | D:4      | Reached skill level 1 in Armour
  3191 | D:4      | Reached XP level 6. HP: 20/61 MP: 6/6
  3197 | D:4      | HP: 3/61 [poisoned by a killer bee]
  3503 | D:4      | HP: 3/61 [killer bee (7)]
  3504 | D:4      | Slain by a killer bee

Vault maps used:
D:1:      roderic_octagonal_star, xom_teletrap_fun
D:2:      nicolae_dithmenos_through_a_glass_darkly
D:3:      grunt_temple_overflow_gold_and_silver,
          nicolae_qazlal_general_emergency, portal_sewer_entry_a
D:4:      first_bread, serial_co_window_serial, co_window_corner_a,
          co_window_corner_a, co_window_of_opportunity_a,
          co_window_of_opportunity_a, co_window_paths_a,
          co_window_unsneaky_path_e, co_window_paths_c, co_window_broadway_c,
          co_window_4corner_b, co_window_paths_e, glass_columns_c,
          glass_columns_b, glass_columns_c, glass_columns_b, glass_columns_a
Sewer:    kennysheep_door_sewer

Skill      XL: |  1  2  3  4  5 |
---------------+----------------+-----
Stealth        | 2 |  2.7
Fighting       | 4 5 |  5.2
Long Blades    | 4 |  4.7
Dodging        | 3 |  3.2
Armour         | 1 |  1.7

Action                   |  1- 3 |  4- 6 || total
-------------------------+-------+-------++-------
Melee: Falchion          |   101 |   169 ||   270
  Use: Scroll            |     5 |     1 ||     6
       Potion            |     2 |     7 ||     9
 Stab: Sleeping          |       |     4 ||     4
       Invisible         |       |     1 ||     1
  Eat: Chunk             |     3 |     6 ||     9
Armor: Ring mail         |    34 |    25 ||    59
       Troll leather arm |       |    23 ||    23
Dodge: Dodged            |    69 |   159 ||   228
       Rpst.: Falchion   |    20 |    40 ||    60

Table legend:
 A = Spawn XP
 B = Non-spawn XP
 C = Spawn XP percentage of total XP
 D = Spawn monster count
 E = Non-spawn monster count
 F = Spawn count percentage of total count
 G = Total turns spent on level
                    A         B        C        D         E        F      G
               +---------+---------+-------+---------+---------+-------+---------
         Total |       0 |     382 |   0.0 |       0 |      59 |   0.0 |  3504
               +---------+---------+-------+---------+---------+-------+---------
           D:1 |       0 |      23 |   0.0 |       0 |      14 |   0.0 |   766
           D:2 |       0 |      33 |   0.0 |       0 |       9 |   0.0 |  1179
           D:3 |       0 |      62 |   0.0 |       0 |      24 |   0.0 |   894
           D:4 |       0 |     122 |   0.0 |       0 |       6 |   0.0 |   380
         Sewer |       0 |     142 |   0.0 |       0 |       6 |   0.0 |   285
               +---------+---------+-------+---------+---------+-------+---------
